 Dungeon Crawl Stone Soup version 0.30-a0-726-gd89dcf765f (webtiles) character file.

Game seed: 8468637588698522981

3028 pokeman the Thaumaturge (level 9, -2/48 HPs)
             Began as a Deep Elf Hedge Wizard on Jan 29, 2023.
             Was a Follower of Vehumet.
             Slain by Joseph
             ... wielding a +0 quarterstaff
              (5 damage)
             ... on level 8 of the Dungeon.
             The game lasted 00:15:49 (6039 turns).

pokeman the Thaumaturge (Deep Elf Hedge Wizard)     Turns: 6039, Time: 00:15:49

Health: -2/48      AC: 17    Str: 12    XL:     9   Next: 56%
Magic:  14/26      EV: 10    Int: 24    God:    Vehumet [*.....]
Gold:   320        SH:  0    Dex: 14    Spells: 14/31 levels left

rFire   . . .      SeeInvis .    F - +6 trident "Zeufaw" {vamp, rC+ Will+ Str+5}
rCold   + . .      Faith    .    (no shield)
rNeg    . . .      Spirit   .    y - +0 steam dragon scales
rPois   .          Reflect  .    s - +0 helmet
rElec   .          Harm     .    K - +0 cloak
rCorr   .          Rampage  .    f - +0 pair of gloves
Will    +....                    b - +0 pair of boots
Stlth   ++                       m - amulet of magic regeneration
HPRegen 0.28/turn                c - +4 ring of protection
MPRegen 0.60/turn                v - +4 ring of protection

@: grasped by roots, attractive, on blink cooldown, constricted
A: no striking features
a: Renounce Religion


You were on level 8 of the Dungeon.
You worshipped Vehumet.
Vehumet was aware of your devotion.
You visited 2 branches of the dungeon, and saw 9 of its levels.

You collected 320 gold pieces.

Inventory:

Hand Weapons
 h - a +2 dagger of pain
 o - a +1 whip of electrocution
 F - the +6 trident "Zeufaw" (weapon) {vamp, rC+ Will+ Str+5}
   (You found it on level 5 of the Dungeon)

   Str:       It affects your strength (+5).
   rC:        It protects you from cold.
   Will:      It increases your willpower.
Armour
 b - a +0 pair of boots (worn)
 f - a +0 pair of gloves (worn)
 s - a +0 helmet (worn)
 y - +0 steam dragon scales (worn)
 G - a +0 buckler
 K - a +0 cloak (worn)
Jewellery
 c - a +4 ring of protection (left hand)
 m - an amulet of magic regeneration (around neck)
 v - a +4 ring of protection (right hand)
 C - a +6 ring of dexterity
Wands
 r - a wand of paralysis (13)
 M - a wand of flame (16)
Scrolls
 e - 10 scrolls of teleportation {unknown}
 i - a scroll of poison {unknown}
 j - 3 scrolls of vulnerability {unknown}
 k - 3 scrolls of blinking {unknown}
 l - 8 scrolls of identify {unknown}
 p - a scroll of enchant weapon {unknown}
 q - 4 scrolls of fear {unknown}
 t - 2 scrolls of noise {unknown}
 w - 3 scrolls of brand weapon {unknown}
 x - 4 scrolls of magic mapping {unknown}
 A - a scroll of amnesia {unknown}
 B - a scroll of immolation {unknown}
 I - a scroll of butterflies {unknown}
Potions
 a - 3 potions of heal wounds {unknown}
 d - 2 potions of magic
 g - a potion of haste {unknown}
 n - 3 potions of attraction
 u - 2 potions of brilliance {unknown}
 z - 2 potions of lignification {unknown}
 D - a potion of degeneration {unknown}
 E - a potion of berserk rage {unknown}
 H - a potion of ambrosia {unknown}
 J - a potion of cancellation {unknown}
 L - a potion of might {unknown}


   Skills:
 - Level 2.0 Fighting
 - Level 2.0 Armour
 - Level 3.0 Dodging
 - Level 3.0 Stealth
 + Level 3.0 Shields
 * Level 11.7 Spellcasting
 + Level 6.3 Conjurations
 - Level 1.1 Summonings
 - Level 1.0 Necromancy
 - Level 1.1 Translocations
 + Level 5.6 Fire Magic
 - Level 1.2 Air Magic
 - Level 1.2 Earth Magic
 - Level 1.4 Poison Magic
 - Level 1.1 Evocations


You had 14 spell levels left.
You knew the following spells:

 Your Spells              Type           Power      Damage    Failure   Level
a - Magic Dart            Conj           100%       1d8       1%          1
b - Mephitic Cloud        Conj/Pois/Air  28%        N/A       3%          3
c - Call Imp              Summ           19%        N/A       4%          2
d - Blink                 Tloc           38%        N/A       4%          2
e - Foxfire               Conj/Fire      100%       2x1d9     1%          1
f - Fireball              Conj/Fire      21%        3d10      11%         5
g - Stone Arrow           Conj/Erth      64%        3d11      2%          3

Your spell library contained the following spells:

 Spells                   Type           Power      Damage    Failure   Level
 Shock                    Conj/Air       100%       1d9       1%          1
 Sandblast                Erth           40%        2d10      2%          1
 Flame Wave               Conj/Fire      42%        2d11      3%          4
 Sticky Flame             Conj/Fire      42%        2d6       3%          4
 Slow                     Hex            56%        N/A       4%          1
 Cigotuvi's Dreadful Rot  Necr/Pois/Air  40%        N/A       4%          2
 Inner Flame              Hex/Fire       27%        N/A       4%          3
 Kindle Blastsparks       Fire/Tloc/Air  52%        2d14      4%          3
 Passwall                 Tmut/Erth      14%        N/A       5%          2
 Iskenderun's Mystic Bla  Conj/Tloc      32%        2d8       10%         4
 Fulminant Prism          Conj/Hex       14%        3d9       12%         4
 Ozocubu's Armour         Ice            14%        N/A       13%         3
 Airstrike                Air            10%        2d(2-18)  26%         4
 Summon Lightning Spire   Summ/Air       19%        N/A       26%         4
 Lightning Bolt           Conj/Air       16%        1d30      26%         5
 Starburst                Conj/Fire      21%        6d7       50%         6
 Lee's Rapid Deconstruct  Erth           10%        3d8*      58%         5
 Ozocubu's Refrigeration  Ice            7%         4d9       100%        7


Dungeon Overview and Level Annotations

Branches:
Dungeon (8/15)             Temple (1/1) D:6
   Lair: D:8-11

Altars:
Cheibriados
Dithmenos
Elyvilon
Fedhas
Gozag
Hepliaklqana
Kikubaaqudgha
Makhleb
Nemelex Xobeh
Okawaru
Qazlal
Ru
Sif Muna
Trog
Uskayaw
Vehumet
Wu Jian
Xom
Yredelemnul
Zin
The Shining One

Shops:
D:1 (

Annotations:
D:5 Scrolls behind grate
D:8 Joseph, Maggie, Prince Ribbit


Message History

The orc wizard hits you but does no damage.
Joseph hits you with a +0 quarterstaff.
* * * LOW HITPOINT WARNING * * *
The grasping roots constrict you. The orc is attracted toward you.
Maggie is attracted toward you. The hornet is attracted toward you.
The orc is attracted toward you.
Casting: Mephitic Cloud (dangerous; 3% risk of failure)
Confirm with . or Enter, or press ? or * to list all spells.
Okay, then.
Unknown command.
Casting: Mephitic Cloud (dangerous; 3% risk of failure)
Confirm with . or Enter, or press ? or * to list all spells.
Aiming: Mephitic Cloud (dangerous; 3% risk of failure)
Press: ? - help, Shift-Dir - straight line, f - Prince Ribbit
Aim: Prince Ribbit (noxious fumes, chance to affect: 72%) That beam is likely to hit you.
Continue anyway?
The ball explodes into a vile cloud!
The stinking cloud engulfs Joseph but does no damage.
Joseph is severely wounded.
The stinking cloud engulfs the orc wizard but does no damage.
The stinking cloud engulfs Prince Ribbit but does no damage.
The stinking cloud engulfs the hornet but does no damage.
The hornet is lightly wounded.
The stinking cloud engulfs you but does no damage.
You are engulfed in noxious fumes.
Prince Ribbit is engulfed in noxious fumes.
Prince Ribbit appears confused.
Prince Ribbit hits the orc wizard!
The hornet is engulfed in noxious fumes.
The hornet barely misses the orc wizard.
The hornet barely misses itself.
The orc is engulfed in noxious fumes.
The orc appears confused.
The orc hits you but does no damage.
The orc hits itself with a +0 flail!
The orc is killed!
Vehumet accepts your kill.
The orc wizard is engulfed in noxious fumes.
The orc wizard appears confused.
The orc hits you from afar with a +0 trident.
* * * LOW HITPOINT WARNING * * *
Joseph is engulfed in noxious fumes.
Joseph hits you with a +0 quarterstaff.
You die...

......#.#<#.#.#.#'#.#.#. #o#@#
.....#.#.#.#.#.#@#.#@#.# #o#.
......#.#.#.#.#y#.#.#.#.#.# #.#.#
.....#.#.#.#.#.#.#.#.#.#.#.#.#.#.
......#.#.#.#§#.#§#.#.#.#.#o#.#.#
.......#.#.#.#@#.#.#.#.#.#.#o#.#.
.......##+#.###Fy°#.............o
.......#....# #@○oo.§..#.......##
.......#....# #○@##.#..........##
.###+###....# #..##..........yoo.
#....# #.$##.#..###...F@##
#....###..##.#..# #..#..##
...........#.#..###..#.(##
###+#.###...#..............
#................##
#.........##.#..#..##
.....^.................


You could see Joseph, Maggie, Prince Ribbit (confused), a hornet (confused), an
orc wizard (confused) and an orc.

Vanquished Creatures
  2 wyverns (D:7)
  A steam dragon (D:4)
  An acid dragon (D:6)
  A water moccasin (D:7)
  2 ice beasts
  2 sky beasts
  3 black bears
  2 ogres
  A centaur (D:6)
  2 phantoms (D:6)
  A bullfrog (D:8)
  A gnoll sergeant (D:5)
  A scorpion (D:5)
  5 wights (D:6)
  5 hounds
  A gnoll bouda (D:4)
  5 orc priests
  Crazy Yiuf (D:6)
  4 iguanas
  6 orc wizards
  8 gnolls
  6 adders
  2 shadow imps
  2 white imps
  An ufetubus (D:4)
  A worm (D:4)
  32 orcs
  4 ball pythons
  10 bats
  3 endoplasms
  4 hobgoblins
  4 quokkas
  A frilled lizard (D:2)
  6 goblins
  6 kobolds
  3 rats
  A foxfire (D:4)
141 creatures vanquished.

Vanquished Creatures (collateral kills)
  A foxfire (D:6)
1 creature vanquished.

Vanquished Creatures (others)
  560 foxfires
560 creatures vanquished.

Grand Total: 702 creatures vanquished

Notes
Turn   | Place    | Note
-------+----------+-------------------------------------------
     0 | D:1      | pokeman the Deep Elf Hedge Wizard began the quest for the
                  | Orb.
     0 | D:1      | Reached XP level 1. HP: 10/10 MP: 7/7
   141 | D:1      | Found Rybb's Weapon Emporium.
   267 | D:1      | You fall into a shaft and drop 1 floor!
   421 | D:2      | Reached XP level 2. HP: 14/16 MP: 1/9
  1004 | D:2      | Reached skill level 5 in Spellcasting
  1169 | D:2      | Reached XP level 3. HP: 20/20 MP: 9/11
  1175 | D:2      | Learned a level 3 spell: Mephitic Cloud
  1178 | D:2      | Learned a level 2 spell: Call Imp
  1181 | D:2      | Learned a level 2 spell: Blink
  1183 | D:2      | Learned a level 1 spell: Foxfire
  1214 | D:2      | Found a bloodstained altar of Trog.
  1469 | D:3      | Found a sparkling altar of Nemelex Xobeh.
  1493 | D:3      | Reached skill level 1 in Fighting
  1493 | D:3      | Reached skill level 1 in Armour
  1495 | D:3      | HP: 1/20 [orc/+0 short sword (3)]
  1682 | D:3      | Reached XP level 4. HP: 14/25 MP: 9/13
  1749 | D:3      | Found a faded altar of an unknown god.
  2139 | D:4      | Reached skill level 6 in Spellcasting
  2139 | D:4      | Reached XP level 5. HP: 14/29 MP: 6/15
  2351 | D:4      | Found a shimmering blue altar of Sif Muna.
  2486 | D:4      | Reached skill level 1 in Necromancy
  2486 | D:4      | Reached skill level 1 in Evocations
  2520 | D:4      | Reached XP level 6. HP: 11/34 MP: 13/17
  2989 | D:4      | Noticed a steam dragon
  3007 | D:4      | Killed a steam dragon
  3008 | D:4      | Reached skill level 7 in Spellcasting
  3008 | D:4      | Reached skill level 1 in Fire Magic
  3008 | D:4      | Reached skill level 1 in Air Magic
  3008 | D:4      | Reached skill level 1 in Poison Magic
  3176 | D:5      | Entered Level 5 of the Dungeon
  3305 | D:5      | Reached XP level 7. HP: 38/38 MP: 17/20
  3381 | D:5      | Learned a level 5 spell: Fireball
  3461 | D:5      | Reached skill level 8 in Spellcasting
  3530 | D:5      | Identified the +6 trident "Zeufaw" {vamp, rC+ Will+ Str+5}
  3578 | D:5      | Learned a level 3 spell: Stone Arrow
  3697 | D:5      | Reached skill level 1 in Earth Magic
  3700 | D:5      | Reached XP level 8. HP: 42/44 MP: 12/22
  3770 | D:5      | Reached skill level 9 in Spellcasting
  3871 | D:5      | Found a glowing silver altar of Zin.
  4023 | D:6      | Reached skill level 5 in Conjurations
  4261 | D:6      | Reached skill level 1 in Shields
  4316 | D:6      | Reached skill level 10 in Spellcasting
  4460 | D:6      | Reached XP level 9. HP: 28/48 MP: 18/25
  4554 | D:6      | Found a staircase to the Ecumenical Temple.
  4613 | Temple   | Entered the Ecumenical Temple
  4613 | Temple   | Found a transporter.
  4613 | Temple   | Found a transporter.
  4615 | Temple   | Found a transporter.
  4615 | Temple   | Found a transporter.
  4638 | Temple   | Became a worshipper of Vehumet
  4770 | D:6      | Found a runed translucent door.
  4771 | D:6      | Noticed Crazy Yiuf
  4786 | D:6      | Killed Crazy Yiuf
  4927 | D:7      | Reached skill level 11 in Spellcasting
  4927 | D:7      | Reached skill level 5 in Fire Magic
  5846 | D:8      | Reached * piety under Vehumet
  5846 | D:8      | Offered knowledge of Shock by Vehumet.
  5900 | D:8      | Noticed Maggie
  5902 | D:8      | Noticed Prince Ribbit
  5912 | D:8      | Noticed Joseph
  6039 | D:8      | Slain by Joseph

Illustrated notes

Levels and vault maps discovered:
D:1:      evilmike_arrival_fibonacci_small, layout_rooms, serial_shops,
          nicolae_shop_crystal, hex_medium
D:2:      layout_basic, serial_rivers, chequers_serial_rivers_marsh,
          chequers_serial_rivers_micro_e, chequers_serial_rivers_room_a,
          chequers_serial_rivers_room_a, basic_altar,
          kennysheep_decorative_pillar
D:3:      layout_rooms, mainiacjoe_overflow_tiny_flanked,
          shapermc_ecumenical_altar_venn
D:4:      layout_loops_ring, mainiacjoe_overflow_concentric_impassable
D:5:      minmay_spotlight, layout_basic, zin_scriptorium
D:6:      layout_rooms, minmay_temple_entry_enclosed_plants,
          uniq_crazy_yiuf_cottage
D:7:      layout_cave_pods, serial_rivers, chequers_serial_rivers_small_b,
          chequers_serial_rivers_large_a, chequers_serial_rivers_small_3,
          chequers_serial_rivers_micro_d, chequers_serial_rivers_small_3,
          chequers_serial_rivers_micro_a
D:8:      layout_basic, trog_ov_bears_minmay, uniq_joseph, uniq_prince_ribbit1,
          uniq_maggie
Temple:   hellmonk_temple_divided_pantheon

Skill      XL: |  1  2  3  4  5  6  7  8  9 |
---------------+----------------------------+-----
Spellcasting   | 5 6 7 8 10 11 | 11.7
Fighting       | 1 2 |  2.0
Armour         | 1 2 |  2.0
Conjurations   | 2 3 4 5 6 |  6.3
Stealth        | 3 |  3.0
Dodging        | 3 |  3.0
Necromancy     | 1 |  1.0
Evocations     | 1 |  1.1
Fire Magic     | 1 3 4 5 |  5.6
Air Magic      | 1 |  1.2
Poison Magic   | 1 |  1.4
Earth Magic    | 1 |  1.2
Shields        | 1 3 |  3.0
Summonings     | |  1.1
Translocations | |  1.1

Action                     |  1- 3 |  4- 6 |  7- 9 || total
---------------------------+-------+-------+-------++-------
  Melee: Dagger            |     1 |       |       ||     1
         Whip              |     1 |    28 |     4 ||    33
         Trident           |       |       |    27 ||    27
         Punch             |       |       |     1 ||     1
   Cast: Magic Dart        |    51 |     8 |     1 ||    60
         Foxfire           |    27 |    89 |   215 ||   331
         Blink             |     1 |     1 |     3 ||     5
         Mephitic Cloud    |       |     5 |    17 ||    22
         Stone Arrow       |       |       |     2 ||     2
         Call Imp          |       |       |     1 ||     1
    Use: Potion            |       |       |     1 ||     1
   Stab: Confused          |       |     2 |     1 ||     3
         Distracted        |       |       |     1 ||     1
 Armour: Robe              |     5 |     9 |       ||    14
         Steam dragon scal |       |       |    34 ||    34
  Dodge: Dodged            |    19 |    25 |    29 ||    73

Table legend: (Time is in decaauts)
 A = Elapsed time spent in this place.
 B = Non-inter-level travel time spent in this place.
 C = Inter-level travel time spent in this place.
 D = Time resting spent in this place.
 E = Time spent auto-exploring this place.
 F = Levels seen in this place.
 G = Mean time per level.
                   A        B        C        D        E       F      G
               +--------+--------+--------+--------+--------+-----+--------+
         Total |   6068 |   5830 |    238 |    483 |   4175 |   9 |  674.2 |
       Dungeon |   6023 |   5786 |    237 |    483 |   4174 |   8 |  752.9 |
        Temple |     45 |     45 |      0 |      0 |      1 |   1 |   45.0 |
               +--------+--------+--------+--------+--------+-----+--------+

Top non-repeatable levels by time:
     D:4: 1112 daAuts
     D:2: 1023 daAuts
     D:7: 964 daAuts
     D:5: 877 daAuts
     D:6: 773 daAuts
     D:3: 562 daAuts
     D:1: 480 daAuts
     D:8: 229 daAuts
  Temple: 45 daAuts
